Map: Lock & Load

Players

Alebay

  • Race: Protoss Protoss
  • Spawn Location: 6:00

MattBarry

  • Race: Zerg Zerg

VOD

Have the link to the VOD?

Description

Time

  • Played on: Dec. 26, 2022, 2:04 a.m.
  • Length: 23:54
Show
View Real Time Build Order
Export as new Build Order

Alebay Protoss 

Build Orders:  

Get SALT Encoding   

  12  0:02  Probe (Chrono Boost)  
  13  0:16  Probe (Chrono Boost)  
  14  0:27  Pylon  
  14  0:31  Probe (Chrono Boost)  
  15  0:51  Probe (Chrono Boost)  
  16  1:05  Probe (Chrono Boost)  
  16  1:06  Forge  
  17  1:19  Assimilator, Probe (Chrono Boost)  
  18  1:32  Pylon  
  18  1:33  Probe (Chrono Boost)  
  19  1:47  Probe (Chrono Boost)  
  20  1:59  Assimilator  
  20  2:01  Probe (Chrono Boost)  
  20  2:07  Gateway  
  21  2:15  Probe (Chrono Boost)  
  22  2:29  Probe (Chrono Boost)  
  23  2:34  Pylon  
  23  2:37  Pylon  
  23  2:42  Probe (Chrono Boost)  
  23  2:48  Protoss Ground Weapons Level 1  
  24  2:56  Probe (Chrono Boost)  
  25  3:10  Probe (Chrono Boost)  
  26  3:20  Zealot  
  26  3:26  Probe (Chrono Boost)  
  29  3:40  Probe (Chrono Boost)  
  30  3:50  Gateway  
  30  3:54  Zealot  
  32  4:06  Probe (Chrono Boost)  
  33  4:19  Pylon  
  33  4:20  Probe (Chrono Boost)  
  33  4:25  Zealot  
  36  4:34  Probe (Chrono Boost)  
  37  4:41  Gateway  
  37  4:49  Zealot  
  39  4:59  Nexus  
  39  5:06  Probe (Chrono Boost)  
  40  5:20  Probe (Chrono Boost)  
  40  5:22  Assimilator  
  40  5:25  Zealot  
  43  5:34  Protoss Ground Armor Level 1  
  43  5:41  Pylon  
  43  5:51  Zealot  
  45  6:21  Zealot  
  47  6:36  Probe (Chrono Boost)  
  48  6:41  Probe (Chrono Boost)  
  48  6:44  Assimilator  
  49  6:50  Probe (Chrono Boost)  
  49  6:55  Probe (Chrono Boost)  
  51  7:00  Cybernetics Core  
  51  7:03  Probe (Chrono Boost)  
  51  7:06  Zealot x2  
  51  7:08  Probe (Chrono Boost)  
  57  7:17  Probe (Chrono Boost)  
  58  7:22  Probe (Chrono Boost)  
  59  7:31  Probe (Chrono Boost)  
  59  7:36  Probe (Chrono Boost)  
  61  7:40  Pylon  
  61  7:43  Pylon  
  61  7:45  Pylon, Probe (Chrono Boost)  
  61  7:48  Pylon  
  62  7:59  Probe (Chrono Boost)  
  63  8:13  Probe (Chrono Boost)  
  62  8:39  Zealot x4  
  68  8:58  Probe (Chrono Boost)  
  69  9:12  Probe (Chrono Boost)  
  70  9:21  Dragoon x5  
  70  9:22  Dragoon x2  
  70  9:26  Probe (Chrono Boost)  
  59  9:40  Probe (Chrono Boost)  
  85  9:47  Twilight Council  
  86  9:53  Probe (Chrono Boost)  
  83  10:30  Dragoon  
  83  10:31  Dragoon x5  
  77  10:56  Gateway  
  77  10:58  Gateway  
  71  11:00  Gateway  
  71  11:03  Gateway  
  71  11:07  Gateway  
  53  11:31  Dragoon x2  
  53  11:32  Dragoon x4  
  61  12:21  Robotics Facility  
  61  12:23  Robotics Facility  
  61  12:26  Robotics Facility  
  61  12:27  Dragoon x3  
  61  12:28  Dragoon  
  67  12:30  Robotics Facility  
  67  12:39  Dragoon x2  
  71  12:40  Dragoon x5  
  71  12:41  Dragoon  
  83  13:15  Pylon  
  83  13:17  Pylon  
  83  13:20  Pylon  
  83  13:23  Pylon  
  83  13:25  Pylon  
  83  13:27  Pylon  
  83  13:29  Pylon  
  83  13:30  Immortal x2  
  91  13:41  Robotics Bay  
  91  14:08  Immortal x2  
  87  14:49  Dragoon x2  
  83  14:50  Dragoon x3  
  83  14:51  Dragoon x2  
  83  14:52  Dragoon  
  91  15:33  Immortal x3  
  91  15:34  Immortal  
  105  16:28  Immortal x3  
  105  16:29  Immortal  
  121  16:32  Improved Barrier  
  121  16:52  Protoss Ground Weapons Level 2  
  121  17:00  Probe (Chrono Boost)  
  122  17:32  Gravitic Boosters  
  122  17:50  Immortal  
  122  17:51  Immortal x3  
  138  18:42  Pylon  
  138  18:43  Pylon  
  138  18:44  Pylon  
  138  18:45  Immortal  
  138  18:46  Immortal x3  
  154  19:40  Immortal  
  154  19:41  Immortal x3  
  166  20:02  Protoss Ground Armor Level 2  
  166  20:35  Immortal x2  
  166  20:36  Immortal x2  
  182  21:30  Immortal  
  180  22:13  Dragoon x3  
  180  22:14  Dragoon x2  
Show
View Real Time Build Order
Export as new Build Order

MattBarry Zerg 

Build Orders:  

Get SALT Encoding   

  18  0:04  Primal Drone  
  19  0:12  Primal Drone  
  20  0:24  Primal Drone  
  21  0:42  Extractor  
  21  0:53  Primal Drone  
  21  0:55  Primal Drone  
  23  1:17  Primal Drone  
  23  1:18  Primal Drone  
  25  1:50  Primal Drone  
  25  1:51  Primal Drone  
  27  2:03  Primal Drone  
  28  2:10  Primal Drone  
  28  2:19  Primal Warden  
  30  2:25  Extractor  
  30  2:27  Primal Drone  
  30  2:29  Primal Attacks Level 1  
  31  4:04  Primal Drone x3  
  31  4:05  Primal Drone  
  31  4:08  Primal Zergling x4  
  39  4:46  Glevig's Den  
  38  5:07  Primal Hive  
  43  5:13  Primal Warden  
  45  5:23  Primal Warden  
  45  5:37  Primal Drone  
  45  5:38  Primal Drone x4  
  50  6:28  Primal Wurm  
  51  7:19  Glial Reconstitution  
  51  7:28  Primal Drone x5  
  56  7:37  Primal Zergling x3  
  56  7:38  Primal Zergling  
  56  7:39  Primal Zergling  
  61  8:16  Murvar's Den  
  60  8:55  Primal Attacks Level 2  
  60  9:17  Primal Roach x5  
  60  9:19  Primal Roach  
  71  9:20  Primal Roach x5  
  71  9:21  Primal Roach  
  71  9:23  Extractor  
  71  9:24  Extractor  
  71  9:27  Primal Carapace Level 1  
  83  9:30  Primal Drone  
  83  9:31  Primal Drone x4  
  83  9:35  Primal Drone x2  
  83  9:36  Primal Drone x3  
  94  10:43  Primal Wurm  
  94  11:29  Primal Roach  
  95  11:30  Primal Roach x4  
  95  11:31  Primal Roach x2  
  99  12:16  Primal Wurm  
  99  12:17  Dakrun's Den  
  99  12:29  Primal Attacks Level 3  
  95  12:35  Primal Carapace Level 2  
  95  12:37  Primal Drone x3  
  95  12:38  Primal Drone x2  
  97  15:20  Primal Drone x2  
  99  15:36  Primal Warden  
  99  15:37  Primal Warden  
  103  15:42  Primal Warden x2  
  93  17:57  Primal Drone x2  
  93  17:58  Primal Drone x2  
  93  17:59  Primal Drone  
  98  18:04  Primal Drone x4  
  98  18:05  Primal Drone  
  98  18:06  Primal Carapace Level 3  
  103  18:20  Brutal Charge  
  103  18:46  Primal Igniter  
  103  18:47  Primal Igniter x4  
  92  20:30  Healing Adaptation  
  92  20:44  Primal Ultralisk x7  
  92  20:45  Primal Ultralisk x11  
Tags
 
Commander
ArtanisDehaka
Matchup
Co-op
Replay Pack
Multiplayer
Add a new tag
Caveats
  • Supply blocks, unpowered buildings, or Contaminate may cause inaccurate times.
  • Supply counts are checked every 10 seconds.